 Dungeon Crawl Stone Soup version 0.29-a0-234-g0dae59b3db (webtiles) character file.

Game seed: 6718570716636101649

959 spaghetti the Nimble (level 8, -2/57 HPs)
             Began as an Octopode Chaos Knight on Mar 3, 2022.
             Was a Plaything of Xom.
             Slain by an iguana (3 damage)
             ... on level 5 of the Dungeon.
             The game lasted 00:05:37 (4604 turns).

spaghetti the Nimble (Octopode Chaos Knight)        Turns: 4604, Time: 00:05:38

Health: -2/57      AC:  1    Str: 12    XL:     8   Next: 14%
Magic:  8/8        EV: 16    Int: 14    God:    Xom [..*...]
Gold:   352        SH:  0    Dex: 13    Spells: 7/7 levels left

rFire   . . .      SeeInvis .   b - +2 dagger (venom) {short}
rCold   . . .      Faith    .   (no shield)
rNeg    . . .      Spirit   .   (helmet restricted)
rPois   +          Reflect  .   (no amulet)
rElec   .          Harm     .   h - ring of poison resistance
rCorr   .          Rampage  .   (no ring)
Will    .....                   (no ring)
Stlth   +++.......              (no ring)
HPRegen 0.19/turn               (no ring)
MPRegen 0.11/turn               (no ring)
                                (no ring)
                                (no ring)

@: confused, attractive, hasted, very quick
A: almost no armour, amphibious, 8 rings, camouflage 1, gelatinous body 1,
nimble swimmer 1, tentacles, tentacle spike 1, large bone plates 1, robust 1
a: Renounce Religion


You were on level 5 of the Dungeon.
You worshipped Xom.
You were a toy of Xom.
You visited 1 branch of the dungeon, and saw 5 of its levels.

You collected 352 gold pieces.


Innate Abilities, Weirdness & Mutations

You cannot wear most types of armour.
You are amphibious.
You can wear up to eight rings at the same time.
Your skin changes colour to match your surroundings (Stealth+).
Your rubbery body absorbs attacks. (AC +1, EV +1)
You are camouflaged when in or above water. (Stealth+)
You have tentacles for arms and can constrict up to eight enemies at once.
One of your tentacles bears a spike.
You are partially covered in large bone plates. (SH +4)
You are robust. (+10% HP)


   Skills:
 - Level 3.0 Fighting
 - Level 5.0 Long Blades
 + Level 8.5 Dodging


You had 7 spell levels left.
You didn't know any spells.
Your spell library was empty.

Inventory:

Hand Weapons
 a - a +0 falchion of chaos {long}
 b - a +2 dagger of venom (weapon) {short}
   (You took it off a goblin on level 2 of the Dungeon)
 i - a +2 dagger of draining {short}
   (You took it off a goblin on level 1 of the Dungeon)
 v - a +1 vorpal morningstar {mace}
   (You found it on level 4 of the Dungeon)
Missiles
 g - 180 stones (quivered) {throwing}
 j - 7 boomerangs {throwing}
 n - 3 silver boomerangs {throwing}
 q - 4 atropa-tipped darts {throwing}
Armour
 t - an orb of guile
   (You found it on level 4 of the Dungeon)
Magical Staves
 d - a staff of earth {!astaff}
   (You found it on level 1 of the Dungeon)
 p - a staff of air {!astaff}
   (You found it on level 3 of the Dungeon)
Jewellery
 h - a ring of poison resistance (left tentacle)
   (You found it on level 2 of the Dungeon)
 o - an amulet of magic regeneration {@e2}
   (You found it on level 3 of the Dungeon)
Wands
 r - a wand of flame (17)
   (You found it on level 3 of the Dungeon)
Scrolls
 f - a scroll of noise {!r}
 k - 3 scrolls of teleportation {@r4}
 s - a scroll of identify {@r1}
 u - a scroll of amnesia {unknown}
Potions
 c - 4 potions of mutation {!q}
 w - a potion of attraction {!q}

Dungeon Overview and Level Annotations

Branches:
Dungeon (5/15)
 Temple: D:4-7

Altars:
Fedhas
Makhleb
Qazlal
Trog
Vehumet

Shops:
D:4

( ### .#
##?.##.
##≈..≈#.
#..##.§#
#≈.$.wJ#
#≈.>oh≈#
#.[##{y#
#≈S5@#
##wl##
###


You could see an iguana, a hound, a jelly, a killer bee, a dart slug, an orc, an
ufetubus (ally target), a friendly adder (summoned) and a friendly dart slug
(summoned).


Message History

As you read the scroll of summoning, it crumbles to dust.
Wisps of shadow whirl around you... The ufetubus hits you.
The ufetubus barely misses you. The killer bee stings you!
The orc wizard hits you with a +0 dagger.
The iguana bites you.
A dart slug comes into view.
The ufetubus closely misses you. x2 😮 HP[-16]
You take 16 damage, and now have 35/57 hp.
MASSIVE DAMAGE!! (PAUSE)
Okay, then.
Okay, then.
You feel yourself speed up. The killer bee misses you.
The killer bee completely misses you. The ufetubus hits you.
The ufetubus completely misses you.
The orc wizard gestures wildly while chanting.
The orc wizard flickers and vanishes!
A jelly comes into view.
The iguana barely misses you.
Your adder bites the ufetubus.
As you read the scroll of summoning, it crumbles to dust.
Wisps of shadow whirl around you...
The shadows disperse without effect.
The killer bee closely misses you. The ufetubus misses you.
The ufetubus closely misses you.
Your dart slug launches a dart at the ufetubus.
The slug dart misses the ufetubus.
You hear some strange, mumbled words.
You are confused.
The killer bee stings you.
Your adder closely misses the ufetubus.
The iguana barely misses you. 😮 HP[-5]
You take 5 damage, and now have 30/57 hp.
Unknown command.
Unknown command.
You are too confused!
Unknown command.
It was a potion of magic.
Magic courses through your body.
Xom thinks this is hilarious!
The ufetubus hits you.
* * * LOW HITPOINT WARNING * * *
The ufetubus barely misses you.
The killer bee completely misses you. 😨 HP[-3]
You take 3 damage, and now have 27/57 hp.
It was a potion of attraction.
You feel attractive to monsters.
Xom roars with laughter!
Your adder barely misses the ufetubus.
The killer bee completely misses you. The ufetubus closely misses you.
The ufetubus barely misses you. Something hits you.
* * * LOW HITPOINT WARNING * * *
The iguana barely misses you.
Your dart slug closely misses the ufetubus.
The jelly is attracted toward you. 😨 HP[-4]
You take 4 damage, and now have 23/57 hp.
Unknown command.
Unknown command.
You are too confused!
You miss the killer bee. Your squeeze misses the killer bee.
The killer bee completely misses you.
Your adder closely misses the ufetubus.
The ufetubus closely misses you. The ufetubus misses you.
Unknown command.
You bump into the stone wall.
Xom snickers.
You do an impromptu tapdance.
The killer bee misses you. Something hits you.
* * * LOW HITPOINT WARNING * * *
The iguana misses you.
Your adder bites the ufetubus.
The jelly jiggles.
The ufetubus barely misses you.
The ufetubus closely misses you. 😨 HP[-2]
You take 2 damage, and now have 21/57 hp.
Unknown command.
You barely miss the iguana.
You pierce the iguana, but do no damage.
You squeeze the iguana. The killer bee stings you!
* * * LOW HITPOINT WARNING * * *
Your dart slug misses the ufetubus.
The ufetubus completely misses you. The ufetubus closely misses you.
Something hits you.
* * * LOW HITPOINT WARNING * * *
😱 HP[-10]
You take 10 damage, and now have 11/57 hp.
Unknown command.
You miss something.
Your tentacle spike misses something.
The killer bee barely misses you.
Your adder misses the ufetubus. The iguana misses you.
The jelly jiggles.
The killer bee closely misses you. The ufetubus hits you.
* * * LOW HITPOINT WARNING * * *
The ufetubus hits you.
* * * LOW HITPOINT WARNING * * *
😱 HP[-6]
You take 6 damage, and now have 5/57 hp.
Unknown command.
Unknown command.
You bump into the stone wall.
The killer bee stings you.
* * * LOW HITPOINT WARNING * * *
Your adder closely misses the ufetubus.
Something hits you.
* * * LOW HITPOINT WARNING * * *
The iguana bites you.
You die...
Xom titters!

Skill      XL: |  1  2  3  4  5  6  7 |
---------------+----------------------+-----
Long Blades    | 4 5 |  5.0
Dodging        | 3 5 6 8 |  8.5
Fighting       | |  3.0

Action                   |  1- 3 |  4- 6 |  7- 9 || total
-------------------------+-------+-------+-------++-------
Melee: Falchion          |    81 |     7 |     2 ||    90
       Constrict         |    16 |    21 |     9 ||    46
       Tentacles         |    14 |    19 |    15 ||    48
       Kick              |     1 |    19 |    14 ||    34
       Dagger            |       |    71 |    43 ||   114
       Punch             |       |     5 |     1 ||     6
  Use: Scroll            |     1 |     2 |     2 ||     5
       Potion            |     4 |     2 |     3 ||     9
 Stab: Sleeping          |     7 |     6 |     3 ||    16
       Distracted        |       |     1 |       ||     1
       Invisible         |       |     2 |       ||     2
Armor: Skin              |     8 |     1 |       ||     9
Dodge: Dodged            |    83 |    33 |    48 ||   164
Block: Other             |     1 |    16 |     6 ||    23

Levels and vault maps discovered:
D:1:      sevenhm_arrival_forest_fort_small_5, layout_loops_ring,
          minmay_hexomino_r4
D:2:      layout_rooms, basic_altar, uniq_robin
D:3:      layout_basic, minmay_mini_jars
D:4:      layout_basic, chequers_temple_overflow_minitemple, serial_shops,
          nicolae_shop_trees, uniq_menkaure
D:5:      layout_loops_corners, corexii_checkpoint_b, nzn_random_ring,
          uniq_eustachio, uniq_blork_the_orc

Notes
Turn   | Place    | Note
-------+----------+-------------------------------------------
     0 | D:1      | spaghetti the Octopode Chaos Knight began the quest for the
                  | Orb.
     0 | D:1      | Reached XP level 1. HP: 16/16 MP: 1/1
     0 | D:1      | magus.rc [v1.9.6]
   195 | D:1      | Reached XP level 2. HP: 21/21 MP: 2/2
   375 | D:1      | XOM: silly message
   427 | D:1      | Found a stormy altar of Qazlal.
   435 | D:1      | HP: 3/21 [hobgoblin (3)]
   510 | D:1      | XOM: cloud trail
   785 | D:1      | Reached skill level 4 in Long Blades
   860 | D:1      | XOM: noise
   862 | D:1      | Reached XP level 3. HP: 23/26 MP: 3/3
  1247 | D:2      | Found a bloodstained altar of Trog.
  1502 | D:2      | XOM: divination: detect creatures
  1625 | D:2      | Noticed Robin
  1639 | D:2      | XOM: confuse monster(s)
  1708 | D:1      | Gained mutation: One of your tentacles bears a spike.
                  | [potion of mutation]
  1708 | D:1      | Gained mutation: You are robust. (+10% HP) [potion of
                  | mutation]
  1708 | D:1      | Gained mutation: You are partially covered in large bone
                  | plates. (SH +4) [potion of mutation]
  1837 | D:2      | Reached XP level 4. HP: 28/31 MP: 4/4
  1867 | D:2      | Killed Robin
  1868 | D:2      | XOM: smoke on damage
  1871 | D:2      | HP: 8/32 [poisoned by a goblin]
  1876 | D:2      | HP: 4/32 [poisoned by a goblin]
  2286 | D:2      | Reached skill level 5 in Long Blades
  2675 | D:3      | Reached skill level 3 in Dodging
  2714 | D:3      | Reached XP level 5. HP: 29/39 MP: 5/5
  2890 | D:3      | XOM: silly message
  3033 | D:3      | Reached skill level 4 in Dodging
  3059 | D:3      | XOM: divination: detect items
  3215 | D:3      | XOM: silly message
  3316 | D:4      | Noticed a yak
  3316 | D:4      | Noticed a yak
  3318 | D:4      | XOM: potion effect (invisibility)
  3324 | D:4      | Killed a yak
  3325 | D:4      | Reached skill level 5 in Dodging
  3325 | D:4      | Reached XP level 6. HP: 30/46 MP: 6/6
  3325 | D:4      | XOM: divination: magic mapping
  3331 | D:4      | Killed a yak
  3332 | D:4      | Reached skill level 6 in Dodging
  3332 | D:4      | Reached XP level 7. HP: 29/50 MP: 7/7
  3468 | D:4      | Noticed a yak
  3471 | D:4      | XOM: butterfly on damage
  3476 | D:4      | Killed a yak
  3477 | D:4      | Reached skill level 7 in Dodging
  3532 | D:4      | XOM: divination: detect creatures
  3702 | D:4      | Found Ygyept's Antique Weapon Boutique.
  3747 | D:4      | Noticed Menkaure
  3749 | D:4      | XOM: potion effect (might)
  3751 | D:4      | Killed Menkaure
  3805 | D:4      | Noticed a steam dragon
  3811 | D:4      | Killed a steam dragon
  3812 | D:4      | Reached skill level 8 in Dodging
  3812 | D:4      | Reached XP level 8. HP: 33/57 MP: 8/8
  4163 | D:4      | XOM: confuse monster(s)
  4299 | D:4      | XOM: silly message
  4408 | D:4      | XOM: silly message
  4525 | D:4      | Found a burning altar of Makhleb.
  4525 | D:4      | Found a blossoming altar of Fedhas.
  4532 | D:4      | Found a faded altar of an unknown god.
  4534 | D:4      | Found a radiant altar of Vehumet.
  4536 | D:4      | Found a faded altar of an unknown god.
  4591 | D:5      | Entered Level 5 of the Dungeon
  4594 | D:5      | XOM: 1-stop teleportation journey
  4601 | D:5      | XOM: silly message
  4602 | D:5      | HP: 12/57 [killer bee (9)]
  4603 | D:5      | HP: 5/57 [ufetubus (3)]
  4604 | D:5      | HP: 1/57 [something (2)]
  4604 | D:5      | Slain by an iguana

Vanquished Creatures
  3 yaks (D:4)
  A steam dragon (D:4)
  Menkaure (D:4)
  An ogre (D:4)
  An orc priest (D:3)
  Robin (D:2)
  A gnoll (D:3)
  3 adders
  A worm (D:2)
  3 dart slugs
  10 orcs
  4 ball pythons
  6 endoplasms
  4 giant cockroaches
  21 goblins
  7 hobgoblins
  11 jackals
  8 kobolds
  5 bats
  4 frilled lizards
  7 rats
103 creatures vanquished.

Table legend:
 A = Non-vault XP
 B = Vault XP
 C = Vault XP percentage of total XP
 D = Non-vault monster count
 E = Vault monster count
 F = Vault count percentage of total count
                 A         B        C        D         E       F
            +---------+---------+-------+---------+---------+-------
      Total |    1143 |     227 |  16.6 |      76 |      27 |  26.2
            +---------+---------+-------+---------+---------+-------
        D:1 |      39 |      16 |  29.1 |      21 |       9 |  30.0
        D:2 |      51 |      26 |  33.8 |      18 |       7 |  28.0
        D:3 |      80 |      28 |  25.9 |      19 |      10 |  34.5
        D:4 |     967 |     157 |  14.0 |      16 |       1 |   5.9
        D:5 |       6 |       0 |   0.0 |       2 |       0 |   0.0
            +---------+---------+-------+---------+---------+-------

Illustrated notes

Table legend:
 A = Kills in this place as a percentage of kills in entire the game.
 B = Kills by you in this place as a percentage of kills by you in the entire game.
 C = Kills by friends in this place as a percentage of kills by friends in the entire game.
 D = Other kills in this place as a percentage of other kills in the entire game.
 E = Experience gained in this place as a percentage of experience gained in the entire game.
 F = Experience gained in this place divided by the number of levels of this place that you have seen.
                   A       B       C       D       E      F
               +-------+-------+-------+-------+-------+----------------------
         Total | 100.0 | 100.0 |   N/A |   N/A | 100.0 | 274.0
       Dungeon | 100.0 | 100.0 |   N/A |   N/A | 100.0 | 274.0
               +-------+-------+-------+-------+-------+----------------------

Table legend: (Time is in decaauts)
 A = Elapsed time spent in this place.
 B = Non-inter-level travel time spent in this place.
 C = Inter-level travel time spent in this place.
 D = Time resting spent in this place.
 E = Time spent auto-exploring this place.
 F = Levels seen in this place.
 G = Mean time per level.
                   A        B        C        D        E       F      G
               +--------+--------+--------+--------+--------+-----+--------+
         Total |   4555 |   4398 |    157 |   1466 |   2371 |   5 |  911.0 |
       Dungeon |   4555 |   4398 |    157 |   1466 |   2371 |   5 |  911.0 |
               +--------+--------+--------+--------+--------+-----+--------+

Top non-repeatable levels by time:
     D:1: 1755 daAuts
     D:4: 1287 daAuts
     D:2: 817 daAuts
     D:3: 686 daAuts
     D:5: 9 daAuts
